 Dungeon Crawl Stone Soup version 0.19-a0-1821-g42c593c (webtiles) character file.

56 KarmaPolice the Charmwright (level 3, 0/25 HPs)
             Began as a High Elf Skald on Oct 6, 2016.
             Slain by a howler monkey (1 damage)
             ... on level 3 of the Dungeon.
             The game lasted 00:03:03 (2133 turns).

KarmaPolice the Charmwright (High Elf Skald)        Turns: 2133, Time: 00:03:03

Health: 0/25       AC:  3    Str: 12    XL:     3   Next: 71%
Magic:  7/7        EV: 11    Int: 16    God:
Gold:   139        SH:  0    Dex: 14    Spells: 3 memorised, 1 level left

rFire  . . .     SeeInvis .     a - +0 falchion
rCold  . . .     Gourm    .     b - +0 leather armour
rNeg   . . .     Faith    .     (no shield)
rPois  .         Spirit   .     (no helmet)
rElec  .         Dismiss  .     (no cloak)
rCorr  .         Reflect  .     (no gloves)
MR     .....     Harm     .     (no boots)
Stlth  ..........               (no amulet)
                                (no ring)
                                n - ring of loudness (curse)

@: no status effects
A: no striking features
a: no special abilities


You were on level 3 of the Dungeon.
You were not hungry.

You visited 1 branch of the dungeon, and saw 3 of its levels.

You collected 139 gold pieces.

Inventory:

Hand Weapons
 a - a +0 falchion (weapon)
Missiles
 o - 64 arrows
Armour
 b - a +0 leather armour (worn)
Jewellery
 n - a cursed ring of loudness (left hand)
Scrolls
 h - 2 scrolls of identify
 m - a scroll of random uselessness {unknown}
 p - a scroll of enchant armour {unknown}
Potions
 e - a potion of magic
 f - a potion of curing {unknown}
 g - a potion of lignification {unknown}
 i - a potion of heal wounds {unknown}
 j - a potion of might {unknown}
 l - a potion of brilliance {unknown}
Books
 c - a book of Battle

   Spells                             Type                      Level
   a - Infusion                       Charms                       1
   b - Shroud of Golubria             Charms/Translocation         2
   c - Song of Slaying                Charms                       2
   d - Spectral Weapon                Hexes/Charms                 3
   e - Regeneration                   Charms/Necromancy            3
Comestibles
 d - 4 bread rations
 k - 2 meat rations


   Skills:
 + Level 2.5 Fighting
 + Level 3.5 Long Blades
 + Level 2.1 Armour
 - Level 1.1 Dodging
 - Level 2.4 Spellcasting
 - Level 3.6 Charms


You had one spell level left.
You knew the following spells:

 Your Spells              Type           Power        Failure   Level  Hunger
a - Infusion              Chrm           ##..         8%          1    #......
b - Shroud of Golubria    Chrm/Tloc      #.........   21%         2    ###....
c - Song of Slaying       Chrm           ##......     12%         2    ###....


Dungeon Overview and Level Annotations

Branches:
Dungeon (3/15)

Altars:


Message History

The howler monkey is moderately wounded.
The howler monkey closely misses you. The howler monkey hits you.
You hit the howler monkey.
The howler monkey is severely wounded.
The howler monkey hits you.
* * * LOW HITPOINT WARNING * * *
You are too injured to fight recklessly!
You are too injured to fight recklessly!
You are too injured to fight recklessly!
You are too injured to fight recklessly!
You are too injured to fight recklessly!
You hit the howler monkey but do no damage.
The howler monkey is severely wounded.
The howler monkey hits you.
* * * LOW HITPOINT WARNING * * *
You closely miss the howler monkey.
The howler monkey is severely wounded.
The howler monkey hits you but does no damage.
The howler monkey hits you.
You die...

# #.## .....
##################......
........<.......@h......
..........<..###########
.............#
.............#
.#.##........# #
........#.# ########.#.#
#.#.#


You could see a howler monkey.

Vanquished Creatures
  An ooze (D:1)
  2 worms
  2 dart slugs (D:1)
  A leopard gecko (D:1)
  4 bats
  A giant cockroach (D:1)
  7 goblins
  8 hobgoblins
  4 kobolds
  A ball python (D:1)
  7 rats
38 creatures vanquished.

Vanquished Creatures (others)
  A kobold (D:1)
1 creature vanquished.

Grand Total: 39 creatures vanquished

Notes
Turn   | Place    | Note
-------+----------+-------------------------------------------
     0 | D:1      | KarmaPolice the High Elf Skald began the quest for the Orb.
     0 | D:1      | Reached XP level 1. HP: 14/14 MP: 4/4
    12 | D:1      | Reached skill level 1 in Armour
    60 | D:1      | Reached XP level 2. HP: 11/19 MP: 6/6
   192 | D:1      | Learned a level 2 spell: Shroud of Golubria
   270 | D:1      | Learned a level 2 spell: Song of Slaying
   651 | D:1      | Reached XP level 3. HP: 21/24 MP: 7/7
  2132 | D:3      | HP: 1/25 [howler monkey (6)]
  2133 | D:3      | Slain by a howler monkey

Vault maps used:
D:1:      shiori_arrival_maze
D:2:      first_bread
D:3:      grunt_temple_overflow_order_and_chaos_2

Skill      XL: |  1  2  3 |
---------------+----------+-----
Armour         | 1 2 |  2.1
Long Blades    | 3 |  3.5
Fighting       | |  2.5
Dodging        | |  1.1
Spellcasting   | |  2.4
Charms         | |  3.6

Action                   || total
-------------------------++-------
Melee: Falchion          ||   121
 Cast: Song of Slaying   ||     1
       Infusion          ||     3
       Shroud of Golubri ||     2
  Use: Scroll            ||     2
  Eat: Chunk             ||     4
Armor: Leather armour    ||    29
Dodge: Dodged            ||    78
       Rpst.: Falchion   ||    29
